 Dungeon Crawl Stone Soup version 0.29-a0-813-g4a14ea37d6 (webtiles) character file.

Game seed: 5967053473690092656

81 croobank the Sneak (level 4, -3/27 HPs)
             Began as an Octopode Fire Elementalist on July 4, 2022.
             Killed from afar by an orc wizard (9 damage)
             ... with a magic dart
             ... on level 3 of the Dungeon.
             The game lasted 00:05:50 (2489 turns).

croobank the Sneak (Octopode Fire Elementalist)     Turns: 2489, Time: 00:05:51

Health: -3/27      AC:  1    Str: 13    XL:     4   Next: 42%
Magic:  2/7        EV: 17    Int: 19    God:
Gold:   37         SH:  0    Dex: 12    Spells: 5/8 levels left

rFire   . . .      SeeInvis .   e - +0 whip
rCold   . . .      Faith    .   (no shield)
rNeg    . . .      Spirit   .   (helmet restricted)
rPois   .          Reflect  .   (no amulet)
rElec   .          Harm     .   b - +4 ring of evasion
rCorr   .          Rampage  .   f - +6 ring of strength
Will    .....                   (no ring)
Stlth   ++........              (no ring)
HPRegen 0.09/turn               (no ring)
MPRegen 0.10/turn               (no ring)
                                (no ring)
                                (no ring)

@: confused, mighty
A: almost no armour, amphibious, 8 rings, camouflage 1, gelatinous body 1,
(nimble swimmer 1), tentacles
a: no special abilities


You were on level 3 of the Dungeon.
You visited 1 branch of the dungeon, and saw 3 of its levels.

You collected 64 gold pieces.
You spent 27 gold pieces at shops.

Inventory:

Hand Weapons
 c - a +0 great sword
 e - a +0 whip (weapon)
 g - a +0 spear
 l - a +0 short sword
 m - a +0 dagger
Missiles
 d - 27 stones
Magical Staves
 i - a staff of death
Jewellery
 b - a +4 ring of evasion (left tentacle)
 f - a +6 ring of strength (right tentacle)
Scrolls
 j - a scroll of teleportation
Potions
 a - 2 potions of magic
 k - a potion of curing {unknown}
 n - a potion of heal wounds {unknown}
 o - 2 potions of attraction {unknown}
 s - a potion of haste {unknown}


   Skills:
 + Level 2.7 Dodging
 + Level 3.7 Stealth
 + Level 2.5 Spellcasting
 + Level 1.9 Conjurations
 + Level 3.4 Fire Magic


You had 5 spell levels left.
You knew the following spells:

 Your Spells              Type           Power      Damage    Failure   Level
a - Foxfire               Conj/Fire      48%        2x1d6     5%          1
b - Scorch                Fire           30%        2d6       6%          2

Your spell library contained the following spells:

 Spells                   Type           Power      Damage    Failure   Level
 Conjure Flame            Conj/Fire      12%        6-21      16%         3
 Inner Flame              Hex/Fire       9%         N/A       24%         3
 Flame Wave               Conj/Fire      12%        2d6       45%         4


Dungeon Overview and Level Annotations

Branches:
Dungeon (3/15)

Altars:

Shops:
D:2 *


Innate Abilities, Weirdness & Mutations

You cannot wear most types of armour.
You are amphibious.
You can wear up to eight rings at the same time.
Your skin changes colour to match your surroundings (Stealth+).
Your rubbery body absorbs attacks. (AC +1, EV +1)
((You are camouflaged when in or above water. (Stealth+)))
You have tentacles for arms and can constrict up to eight enemies at once.


Message History

The foxfire hits the orc but does no damage.
You hit the orc but do no damage. Your grab misses the orc.
Your foxfire dissipates!
The orc barely misses you.
You hit the orc. Your grab misses the orc.
The orc is heavily wounded.
The orc hits you with a +0 hand axe.
You hit the orc.
You kill the orc!
Casting: Foxfire (safe; 5% risk of failure)
Confirm with . or Enter, or press ? or * to list all spells.
Flames lash something.
Casting: Scorch (safe; 6% risk of failure)
Confirm with . or Enter, or press ? or * to list all spells.
You don't know that spell.
Found a stone staircase leading down.
Casting: Scorch (safe; 6% risk of failure)
Confirm with . or Enter, or press ? or * to list all spells.
Flames lash something.
You hear some strange, mumbled words.
You are confused.
You're too confused to cast spells.
Sorry, you're not good enough to have a special ability.
Okay, then.
You closely miss something. Something hits you.
You bump into the rock wall.
Something hits you but does no damage.
You feel very mighty all of a sudden.
You hear some strange, mumbled words.
A puff of flame appears from out of thin air!
The puff of flame hits you!
Ouch! That really hurt!
You bump into the rock wall.
Something hits you.
* * * LOW HITPOINT WARNING * * *
You bump into the rock wall.
Something hits you.
* * * LOW HITPOINT WARNING * * *
You closely miss something.
You hear some strange, mumbled words.
A magic dart appears from out of thin air!
The magic dart hits you!
You die...

#..##.#
#..##.#
#..##.########
....#........#
....#..#####.#
##..#..# #.
#.>#
#..#..###...
#...@{)......
#.##..##...).
# #.... ..(.
##.##>.... #..
.... #### ..!
#


There were no monsters in sight!

Vanquished Creatures
  3 gnolls (D:2)
  A dart slug (D:1)
  2 orcs (D:3)
  2 ball pythons
  9 endoplasms
  2 giant cockroaches (D:1)
  3 goblins
  4 hobgoblins
  A quokka (D:1)
  2 bats (D:1)
  4 frilled lizards
  7 kobolds
  5 rats
45 creatures vanquished.

Vanquished Creatures (others)
  94 foxfires
94 creatures vanquished.

Grand Total: 139 creatures vanquished

Notes
Turn   | Place    | Note
-------+----------+-------------------------------------------
     0 | D:1      | croobank the Octopode Fire Elementalist began the quest for
                  | the Orb.
     0 | D:1      | Reached XP level 1. HP: 11/11 MP: 3/3
   203 | D:1      | Reached XP level 2. HP: 15/17 MP: 3/5
   206 | D:1      | Learned a level 2 spell: Scorch
   838 | D:1      | Reached XP level 3. HP: 17/21 MP: 6/6
  1305 | D:2      | Reached XP level 4. HP: 3/27 MP: 0/7
  2208 | D:2      | Found Venulaju's Assorted Antiques.
  2216 | D:2      | Bought a scroll labelled TOAFFU NICUFE for 27 gold pieces
  2489 | D:3      | Killed from afar by an orc wizard

Illustrated notes

Levels and vault maps discovered:
D:1:      dpeg_arrival_rhombi, layout_loops_ring, minmay_misc_feat_tower
D:2:      layout_basic, serial_shops, nicolae_diamond_shop
D:3:      layout_loops_ring

Skill      XL: |  1  2 |
---------------+-------+-----
Stealth        | 3 |  3.7
Dodging        | |  2.7
Spellcasting   | |  2.5
Conjurations   | |  1.9
Fire Magic     | |  3.4

Action                   |  1- 3 |  4- 6 || total
-------------------------+-------+-------++-------
Melee: Unarmed           |     5 |       ||     5
       Constrict         |     8 |       ||     8
       Whip              |    18 |     6 ||    24
       Tentacles         |     5 |       ||     5
       Punch             |     2 |       ||     2
 Cast: Foxfire           |    34 |    20 ||    54
       Scorch            |     4 |     4 ||     8
  Use: Scroll            |     3 |     4 ||     7
       Potion            |       |     1 ||     1
 Stab: Sleeping          |     3 |     1 ||     4
Armor: Skin              |       |     1 ||     1
Dodge: Dodged            |    24 |     1 ||    25

Table legend: (Time is in decaauts)
 A = Elapsed time spent in this place.
 B = Non-inter-level travel time spent in this place.
 C = Inter-level travel time spent in this place.
 D = Time resting spent in this place.
 E = Time spent auto-exploring this place.
 F = Levels seen in this place.
 G = Mean time per level.
                   A        B        C        D        E       F      G
               +--------+--------+--------+--------+--------+-----+--------+
         Total |   2489 |   2425 |     64 |    405 |   1671 |   3 |  829.7 |
       Dungeon |   2489 |   2425 |     64 |    405 |   1671 |   3 |  829.7 |
               +--------+--------+--------+--------+--------+-----+--------+

Top non-repeatable levels by time:
     D:2: 1303 daAuts
     D:1: 1069 daAuts
     D:3: 117 daAuts
